Map: White Rabbit LE

Players

CptFluffy - Winner!

  • Race: Terran Terran
  • League: Master
  • Spawn Location: 1:00

DeadDumble

  • Race: Zerg Zerg
  • League: Grandmaster
  • Spawn Location: 7:00

VOD

Have the link to the VOD?

Description

Time

  • Played on: March 31, 2026, 12:22 a.m.
  • Length: 7:33
Show
View Real Time Build Order
Export as new Build Order

CptFluffy Terran - Winner!

Build Orders: Gas First Reaper Expand, Hellion Opening 

Get SALT Encoding   

  12  0:00  SCV  
  13  0:12  SCV  
  14  0:16  Supply Depot  
  14  0:24  SCV  
  14  0:27  Refinery  
  15  0:38  SCV  
  16  0:45  Barracks  
  16  0:50  SCV  
  17  1:02  SCV  
  18  1:14  SCV  
  19  1:31  Orbital Command  
  19  1:32  Reaper  
  20  1:42  Command Center  
  20  1:54  Factory  
  20  1:57  SCV  
  21  2:05  Supply Depot  
  21  2:07  Barracks Reactor  
  21  2:12  SCV  
  22  2:16  Refinery  
  22  2:25  SCV  
  23  2:37  SCV  
  24  2:47  Hellion x2  
  24  2:49  SCV  
  29  2:57  Orbital Command  
  29  3:01  SCV  
  29  3:04  Starport  
  30  3:10  Hellion x2  
  34  3:13  SCV  
  35  3:25  SCV, Barracks Tech Lab  
  35  3:26  SCV  
  37  3:31  Hellion  
  37  3:32  Hellion  
  41  3:37  Supply Depot, SCV  
  41  3:39  SCV  
  43  3:44  Viking  
  45  3:49  SCV  
  46  3:58  SCV  
  46  3:59  Supply Depot  
  46  4:00  Supply Depot  
  46  4:01  SCV  
  46  4:02  Hellion  
  50  4:04  Hellion  
  52  4:10  SCV  
  52  4:13  SCV  
  54  4:19  Armory  
  54  4:20  Liberator  
  54  4:22  SCV  
  58  4:26  Hellion x2  
  58  4:29  Supply Depot  
  62  4:34  Supply Depot  
  63  4:42  Command Center  
  63  4:45  SCV  
  63  4:46  SCV  
  64  4:57  SCV  
  64  4:58  SCV  
  64  4:59  Refinery  
  66  5:03  Starport Tech Lab, Starport  
  66  5:09  SCV  
  66  5:11  SCV  
  66  5:12  Terran Vehicle And Ship Armor Level 1, Refinery  
  68  5:14  Fusion Core  
  68  5:21  SCV  
  69  5:23  SCV  
  70  5:33  SCV  
  70  5:34  Hellion x2  
  70  5:35  SCV  
  76  5:45  SCV  
  76  5:47  SCV  
  77  5:57  SCV  
  77  5:59  SCV  
  77  6:00  Orbital Command  
  77  6:03  Battlecruiser  
  80  6:09  SCV  
  81  6:11  SCV  
  81  6:13  Battlecruiser  
  81  6:16  Supply Depot  
  88  6:20  Hellion  
  88  6:21  SCV  
  88  6:25  Orbital Command  
  91  6:27  Supply Depot  
  88  6:35  SCV x2  
  90  6:44  Supply Depot  
  90  6:47  SCV x2  
  90  6:49  Factory  
  90  6:50  Factory  
  90  6:52  Refinery, SCV  
  93  6:59  SCV x2  
  93  7:04  Hellion x2, SCV  
  104  7:11  SCV x2  
  104  7:14  Refinery  
  106  7:16  Supply Depot x2  
  106  7:17  SCV  
Show
View Real Time Build Order
Export as new Build Order

DeadDumble Zerg 

Build Orders: Hatch First 

Get SALT Encoding   

  12  0:02  Drone  
  13  0:12  Overlord  
  13  0:19  Drone  
  14  0:31  Drone x2  
  16  0:50  Hatchery  
  16  0:52  Drone  
  16  0:54  Drone  
  18  0:57  Drone  
  18  1:07  Extractor  
  17  1:12  Spawning Pool  
  17  1:15  Drone  
  17  1:19  Drone  
  18  1:28  Drone  
  19  1:39  Overlord  
  19  1:58  Queen  
  19  2:00  Zergling x2  
  22  2:01  Queen  
  22  2:03  Zergling x2  
  22  2:08  Drone  
  26  2:13  Metabolic Boost  
  26  2:14  Drone  
  26  2:15  Drone  
  28  2:25  Drone x2  
  29  2:44  Hatchery  
  28  2:54  Drone x5  
  28  2:56  Drone  
  34  3:07  Drone x2  
  36  3:15  Baneling Nest, Overlord x2  
  34  3:37  Zergling x2  
  34  3:38  Zergling x10  
  40  3:43  Roach Warren  
  40  3:54  Drone x4, Evolution Chamber  
  43  3:56  Drone  
  43  3:57  Evolution Chamber  
  43  3:59  Drone x3  
  43  4:01  Queen  
  48  4:10  Queen  
  48  4:11  Drone  
  51  4:17  Queen  
  51  4:20  Drone  
  51  4:21  Drone  
  55  4:24  Extractor  
  55  4:25  Extractor  
  55  4:26  Overlord  
  55  4:30  Overlord  
  53  4:37  Zerg Missile Weapons Level 1  
  53  4:38  Zerg Ground Armor Level 1  
  53  4:46  Drone  
  53  4:49  Extractor  
  53  4:51  Queen  
  55  4:59  Spore Crawler  
  54  5:01  Spore Crawler  
  54  5:05  Drone x5  
  58  5:16  Spore Crawler  
  58  5:17  Drone  
  58  5:19  Overlord x3  
  58  5:20  Overlord  
  55  5:31  Roach x2  
  57  5:41  Spine Crawler  
  55  5:47  Drone  
  55  5:48  Roach  
  55  5:49  Roach x5  
  65  6:02  Roach  
  65  6:03  Roach  
  55  6:06  Queen  
  55  6:07  Queen  
  52  6:18  Roach x2  
  50  6:25  Ravager  
  53  6:28  Zergling x4  
  55  6:37  Drone x2  
  57  6:43  Drone x2  
  57  7:11  Ravager x3  
Tags
 
Add a new tag
Caveats
  • Supply blocks, unpowered buildings, or Contaminate may cause inaccurate times.
  • Supply counts are checked every 10 seconds.